Map: Kairos Junction LE

Players

liquidthermy (uThermal) - Winner!

  • Race: Terran Terran
  • League: Master
  • Spawn Location: 11:00

Harstem

  • Race: Protoss Protoss
  • League: Grandmaster
  • Spawn Location: 5:00

Event: DSCL Nationals 2018 - Finals

VOD

Have the link to the VOD?

Description

Time

  • Played on: Dec. 1, 2018, 12:40 p.m.
  • Length: 9:56

All games in this series

Show
View Real Time Build Order
Export as new Build Order

liquidthermy Terran - Winner!

Build Orders: Reaper Expand 

Get SALT Encoding   

  12  0:01  SCV  
  13  0:13  SCV  
  14  0:17  Supply Depot  
  14  0:25  SCV  
  15  0:38  SCV  
  15  0:40  Barracks  
  16  0:44  Refinery  
  16  0:50  SCV  
  17  1:03  SCV  
  18  1:15  SCV  
  19  1:27  Orbital Command, Reaper  
  20  1:40  Command Center  
  20  1:48  Supply Depot  
  20  1:53  SCV  
  21  1:59  Marine  
  22  2:05  SCV  
  22  2:08  Factory  
  23  2:13  Refinery  
  23  2:23  Barracks Reactor  
  23  2:25  SCV  
  24  2:37  SCV  
  25  2:49  SCV  
  26  2:52  Orbital Command  
  26  2:53  Starport  
  26  2:57  Widow Mine  
  28  2:59  Marine x2  
  28  3:02  SCV  
  31  3:10  Barracks  
  31  3:11  Orbital Command  
  31  3:14  SCV  
  31  3:16  Marine  
  31  3:17  Marine  
  34  3:20  Factory Tech Lab  
  34  3:26  SCV  
  35  3:32  Viking  
  37  3:34  Marine x2  
  37  3:38  SCV  
  37  3:40  SCV  
  41  3:45  Factory Tech Lab  
  41  3:47  Supply Depot  
  41  3:50  Engineering Bay, SCV  
  41  3:52  SCV  
  41  3:55  Marine x2  
  45  4:02  SCV  
  46  4:05  SCV  
  46  4:08  Stimpack  
  46  4:09  Marine, Siege Tank  
  50  4:13  Supply Depot  
  50  4:14  Marine, SCV  
  50  4:16  Marine  
  53  4:20  SCV  
  53  4:23  Refinery  
  54  4:25  Terran Infantry Weapons Level 1  
  54  4:34  Marine, SCV x2  
  54  4:36  Supply Depot  
  54  4:37  Barracks  
  57  4:39  Starport Reactor  
  57  4:40  Marine  
  57  4:41  Marine  
  59  4:47  SCV  
  59  4:48  Supply Depot  
  59  4:49  SCV  
  61  4:55  Refinery  
  61  4:58  Siege Tank  
  61  4:59  SCV  
  65  5:01  Marine x2, SCV  
  68  5:08  Supply Depot  
  68  5:09  Marine  
  68  5:11  SCV  
  68  5:14  SCV  
  71  5:18  Marine  
  71  5:20  Marine  
  73  5:22  Starport Reactor  
  73  5:23  SCV  
  73  5:26  SCV  
  73  5:27  Marine  
  76  5:31  Siege Tank  
  76  5:34  Supply Depot  
  76  5:35  Supply Depot  
  79  5:36  Marine x2  
  79  5:37  Missile Turret  
  79  5:38  Marine  
  79  5:41  Marine  
  82  5:47  Marine  
  83  5:50  Supply Depot  
  83  5:54  Marine x2  
  83  5:57  Marine  
  85  5:59  Medivac x2  
  85  6:00  Marine  
  91  6:04  Siege Tank  
  91  6:07  Supply Depot, Marine  
  91  6:08  Combat Shield  
  95  6:13  Marine x2  
  95  6:15  Supply Depot, Marine  
  95  6:18  Marine  
  98  6:25  Marine  
  98  6:29  Medivac x2  
  98  6:30  Marine  
  98  6:31  Marine  
  104  6:33  Marine  
  104  6:36  Marine  
  106  6:41  Siege Tank  
  106  6:43  Marine  
  110  6:47  Barracks  
  110  6:48  Marine x2  
  110  6:49  Barracks  
  110  6:51  Marine  
  112  6:54  Bunker  
  112  6:56  Bunker  
  112  7:01  Bunker  
  112  7:02  Marine x2  
  112  7:06  Medivac  
  112  7:07  Marine  
  116  7:09  Marine  
  116  7:12  Marine  
  105  7:20  Marine x2  
  105  7:21  Siege Tank  
  106  7:22  Liberator  
  106  7:23  Liberator  
  106  7:24  Marine  
  106  7:27  Marine  
  108  7:30  Marine  
  109  7:37  Marine  
  109  7:41  Marine  
  109  7:44  Marine  
  117  7:46  Marine  
  117  7:48  Marine  
  119  7:53  Siege Tank  
  119  7:56  Marine  
  123  8:00  Marine  
  124  8:08  Marine, Liberator  
  124  8:10  Marine  
  126  8:17  Marine  
  118  8:25  Supply Depot, Siege Tank  
  118  8:26  Bunker  
  123  8:29  Marine x3, Liberator  
  123  8:30  Marine  
  122  8:35  Marine  
  122  8:36  Marine  
  122  8:37  Marine  
  125  8:46  Marine  
  125  8:47  Marine x2  
  131  8:48  Marine  
Show
View Real Time Build Order
Export as new Build Order

Harstem Protoss 

Build Orders: 1 Gate Expand, Oracle Opening 

Get SALT Encoding   

  12  0:00  Probe  
  13  0:12  Probe  
  14  0:18  Pylon  
  14  0:24  Probe  
  15  0:32  Probe  
  15  0:37  Gateway  
  15  0:40  Probe  
  16  0:45  Assimilator  
  17  0:51  Probe  
  18  1:03  Probe  
  19  1:17  Nexus  
  19  1:20  Probe  
  20  1:31  Cybernetics Core  
  20  1:37  Assimilator  
  20  1:45  Pylon, Zealot  
  20  1:50  Probe  
  23  2:03  Probe  
  24  2:09  Adept  
  24  2:10  Warp Gate  
  24  2:15  Probe  
  26  2:24  Probe  
  26  2:26  Probe  
  28  2:32  Probe  
  28  2:34  Probe  
  29  2:37  Stargate  
  29  2:41  Probe  
  30  2:44  Probe  
  30  2:48  Adept  
  33  2:53  Probe  
  33  2:56  Probe  
  35  3:05  Probe  
  35  3:09  Probe  
  35  3:10  Oracle  
  36  3:16  Adept  
  36  3:17  Probe  
  38  3:21  Probe  
  38  3:24  Pylon  
  42  3:29  Probe  
  42  3:33  Probe  
  44  3:42  Probe  
  44  3:45  Probe  
  46  3:54  Probe, Gateway  
  46  3:55  Gateway  
  47  3:57  Probe  
  48  4:06  Probe  
  49  4:12  Nexus  
  49  4:14  Pylon  
  50  4:18  Probe  
  50  4:21  Forge  
  50  4:22  Twilight Council  
  50  4:24  Probe  
  51  4:29  Assimilator  
  51  4:30  Probe  
  52  4:31  Assimilator  
  52  4:34  Protoss Ground Weapons Level 1  
  52  4:36  Probe  
  53  4:42  Probe, Sentry  
  56  4:48  Probe  
  56  4:50  Resonating Glaives  
  56  4:52  Gateway  
  57  4:55  Probe, Sentry  
  60  5:01  Pylon  
  60  5:03  Gateway  
  60  5:04  Probe  
  61  5:08  Probe  
  61  5:12  Pylon  
  62  5:14  Gateway  
  62  5:19  Probe, Phoenix  
  62  5:21  Probe  
  66  5:29  Adept x2  
  66  5:32  Adept  
  66  5:34  Probe x2  
  74  5:37  Probe  
  75  5:46  Probe  
  75  5:47  Pylon  
  78  5:50  Pylon x2  
  78  5:55  Photon Cannon  
  76  5:59  Adept x2  
  76  6:03  Adept  
  76  6:04  Probe x2  
  83  6:05  Probe  
  83  6:08  Pylon  
  83  6:11  Blink  
  85  6:13  Adept x2  
  85  6:16  Probe  
  90  6:20  Probe  
  91  6:26  Protoss Ground Armor Level 1  
  91  6:29  Robotics Facility  
  91  6:31  Adept  
  91  6:32  Adept  
  93  6:34  Adept  
  93  6:39  Adept x3  
  101  6:51  Adept  
  101  6:52  Adept  
  105  6:54  Adept  
  105  6:59  Adept x3  
  85  7:16  Adept  
  85  7:17  Adept x2  
  85  7:21  Adept x3  
  85  7:22  Probe, Immortal  
  92  7:38  Adept  
  92  7:39  Adept x2  
  92  7:41  Nexus  
  92  7:42  Adept x2, Sentry  
  103  7:52  Probe  
  103  7:54  Robotics Bay  
  103  7:57  Pylon  
  104  8:02  Pylon x2  
  103  8:14  Pylon  
  103  8:17  Pylon  
  96  8:20  Adept x3  
  96  8:25  Immortal  
  101  8:34  Adept x3  
  102  8:37  Probe x2  
  100  8:47  Adept  
  100  8:49  Probe  
Tags
 
Add a new tag
Caveats
  • Supply blocks, unpowered buildings, or Contaminate may cause inaccurate times.
  • Supply counts are checked every 10 seconds.